 Dungeon Crawl Stone Soup version 0.17.1-3-g152610e (webtiles) character file.

133 juanjsm the Stinger (level 4, -1/21 HPs)
             Began as a Spriggan Venom Mage on Apr 21, 2016.
             Killed by nerve-wracking pain
             ... invoked by an orc priest
              (14 damage)
             ... on level 3 of the Dungeon.
             The game lasted 00:11:10 (2771 turns).

juanjsm the Stinger (Spriggan Venom Mage)           Turns: 2771, Time: 00:11:11

Health: -1/21      AC:  2    Str:  4    XL:     4   Next: 93%
Magic:  8/10       EV: 19    Int: 17    God:
Gold:   164        SH:  0    Dex: 16    Spells: 3 memorised, 3 levels left

rFire  x . .     SeeInvis +     g - +1 dagger (venom)
rCold  + + .     Clarity  .     a - +0 robe
rNeg   . . .     SustAt   .     (shield restricted)
rPois  .         Gourm    .     (helmet restricted)
rElec  .         Spirit   .     (no cloak)
rCorr  .         Warding  .     (gloves unavailable)
rMut   .         Stasis   .     (boots unavailable)
MR     .....                    (no amulet)
Stlth  +++.......               w - ring of protection from cold
                                d - ring of ice

@: very quick, not resistant to hostile enchantments, fairly stealthy
A: unfitting armour, see invisible, herbivore 3, speed 3, slow metabolism 2
a: no special abilities


You were on level 3 of the Dungeon.
You were not hungry.

You visited 1 branch of the dungeon, and saw 4 of its levels.

You collected 164 gold pieces.

Inventory:

Hand Weapons
 e - a +0 hunting sling
 g - a +1 dagger of venom (weapon)
Missiles
 h - 41 stones (quivered)
 o - 51 sling bullets
Armour
 a - a +0 robe (worn)
Jewellery
 d - a ring of ice (left hand)
 w - a ring of protection from cold (right hand)
Scrolls
 f - a scroll of magic mapping {unknown}
 j - a scroll of enchant armour {unknown}
 k - 4 scrolls of identify {unknown}
 n - 4 scrolls of fear {unknown}
 r - 2 scrolls of remove curse {unknown}
 v - a scroll of fog {unknown}
 y - 2 scrolls of immolation {unknown}
Potions
 i - a potion of agility {unknown}
 l - a potion of might {unknown}
 m - a potion of cure mutation {unknown}
 p - 2 potions of flight {unknown}
 q - 2 potions of invisibility {unknown}
 t - a potion of curing {unknown}
 u - a potion of ambrosia {unknown}
 z - a potion of brilliance {unknown}
 A - a potion of haste {unknown}
Books
 b - a Young Poisoner's Handbook

   Spells                             Type                      Level
   a - Sting                          Conjuration/Poison           1
   b - Cure Poison                    Poison                       2
   c - Mephitic Cloud                 Conjuration/Poison/Air       3
   d - Olgreb's Toxic Radiance        Poison                       4
   e - Venom Bolt                     Conjuration/Poison           5
Comestibles
 c - 2 bread rations
 s - a slice of pizza
 x - 3 fruits


   Skills:
 + Level 0.5 Fighting
 + Level 0.7 Short Blades
 + Level 3.9 Dodging
 + Level 4.3 Stealth
 + Level 3.4 Spellcasting
 + Level 0.9 Conjurations
 + Level 4.8 Poison Magic


You had 3 spell levels left.
You knew the following spells:

 Your Spells              Type           Power        Failure   Level  Hunger
a - Sting                 Conj/Pois      ##..         6%          1    None
b - Cure Poison           Pois           ###.......   3%          2    ##.....
c - Mephitic Cloud        Conj/Pois/Air  #.......     24%         3    ###....


Dungeon Overview and Level Annotations

Branches:
Dungeon (4/15)
 Temple: D:4-7

Altars:


Innate Abilities, Weirdness & Mutations

You are tiny and cannot use many weapons and most armour.
You have supernaturally acute eyesight.
You are a herbivore.
You cover ground extremely quickly.
You need consume almost no food.


Message History

There is a stone staircase leading down here.
Casting: Sting
Confirm with . or Enter, or press ? or * to list all spells.
Aiming: Sting
Press: ? - help, Shift-Dir - straight line, f - orc priest
Aim: an orc priest, wielding an enchanted hand axe and wearing a ring mail The sting misses the orc priest.
The orc barely misses you. The orc priest completely misses you.
Casting: Sting
Confirm with . or Enter, or press ? or * to list all spells.
Aiming: Sting
Press: ? - help, Shift-Dir - straight line, f/p - orc priest
Aim: an orc priest, wielding an enchanted hand axe and wearing a ring mail The sting hits the orc priest.
The orc priest is lightly wounded.
The orc misses you.
The orc priest invokes the aid of Beogh against you.
Pain shoots through your body!
Ouch! That really hurt!
You die...

# #.### .......
.......###
.........o.# # #.
#..##.#@# # #.#.
.....#o#
#.#.#.###.#..#.#
........#.#..#.###
............%..#
#........#.#.#
#........#.#.# #
##......##.#.# ##.
##.#.#.##.#.


You could see an orc priest and an orc.

Vanquished Creatures
  An orc wizard (D:4)
  An orc priest (D:3)
  2 adders
  A worm (D:2)
  6 orcs
  2 giant cockroaches (D:1)
  4 hobgoblins
  3 jackals (D:1)
  6 bats
  3 giant geckos
  10 goblins
  3 kobolds
  5 rats
47 creatures vanquished.

Notes
Turn   | Place    | Note
--------------------------------------------------------------
     0 | D:1      | juanjsm the Spriggan Venom Mage began the quest for the Orb.
     0 | D:1      | Reached XP level 1. HP: 9/9 MP: 5/5
   388 | D:1      | Reached XP level 2. HP: 11/13 MP: 6/6
   392 | D:1      | Learned a level 2 spell: Cure Poison
  1086 | D:2      | Reached XP level 3. HP: 16/16 MP: 6/8
  1091 | D:2      | Learned a level 3 spell: Mephitic Cloud
  1671 | D:4      | Reached XP level 4. HP: 21/21 MP: 3/9
  1713 | D:4      | HP: 1/21 [hound skeleton (2)]
  2002 | D:3      | Noticed an orc priest
  2013 | D:3      | Killed an orc priest
  2589 | D:3      | Noticed an orc priest
  2767 | D:4      | Noticed a phantom
  2771 | D:3      | Killed from afar by an orc priest

Action                   |  1- 3 |  4- 6 || total
-------------------------+-------+-------++-------
Melee: Dagger            |    33 |    26 ||    59
 Fire: Hunting sling     |       |     6 ||     6
 Cast: Sting             |    34 |    26 ||    60
       Mephitic Cloud    |     1 |     2 ||     3
       Cure Poison       |       |     2 ||     2
 Stab: Sleeping          |     9 |     1 ||    10
       Confused          |     1 |     1 ||     2
